 Dungeon Crawl Stone Soup version 0.31-a0-1074-g0b22e4e0f1 (webtiles) character file.

Game seed: 10132363105764241084

133 Curundu the Sneak (level 5, 0/35 HPs)
             Began as an Octopode Brigand on Dec 2, 2023.
             Slain by an ogre
             ... wielding a +0 giant spiked club
              (19 damage)
             ... on level 4 of the Dungeon.
             The game lasted 00:17:29 (3320 turns).

Curundu the Sneak (Octopode Brigand)                Turns: 3320, Time: 00:17:30

Health: 0/35       AC:  1    Str: 10    XL:     5   Next: 16%
Magic:  0/5        EV: 13    Int: 14    God:
Gold:   183        SH:  0    Dex: 15    Spells: 4/4 levels left

rFire   . . .        a - +2 dagger
rCold   . . .        (no shield)
rNeg    . . .        (helmet restricted)
rPois   .            n - amulet of guardian spirit
rElec   .            (no ring)
rCorr   .            (no ring)
SInv    .            (no ring)
Will    .....        (no ring)
Stlth   +++++        (no ring)
HPRegen 0.25/turn    (no ring)
MPRegen 0.09/turn    (no ring)
                     (no ring)

%: guardian spirit
@: no status effects
A: almost no armour, amphibious, 8 rings, camouflage 1, gelatinous body 1,
(nimble swimmer 1), tentacles
a: no special abilities


You were on level 4 of the Dungeon.
You visited 1 branch of the dungeon, and saw 4 of its levels.

You collected 183 gold pieces.

Inventory:

Hand Weapons
 a - a +2 dagger (weapon)
 d - a +1 short sword of flaming
 g - a +0 sling
Missiles
 b - 9 poisoned darts (quivered)
 c - 3 curare-tipped darts
 f - 27 stones
 j - 5 silver javelins
 o - 2 boomerangs
Jewellery
 n - an amulet of guardian spirit (around mantle)
Scrolls
 i - 2 scrolls of identify {unknown}
 q - a scroll of enchant armour {unknown}
 r - a scroll of fog {unknown}
 u - a scroll of fear {unknown}
 v - a scroll of silence {unknown}
 w - a scroll of poison {unknown}
Potions
 e - a potion of curing {unknown}
 h - 2 potions of might {unknown}
 k - 2 potions of magic {unknown}
 l - a potion of berserk rage {unknown}
 m - 2 potions of haste {unknown}
 p - a potion of mutation {unknown}
 s - a potion of brilliance {unknown}
 t - 2 potions of enlightenment {unknown}


   Skills:
 + Level 2.4 Fighting
 + Level 3.1 Short Blades
 + Level 2.2 Throwing
 + Level 1.5 Dodging
 + Level 7.2 Stealth


You had 4 spell levels left.
You didn't know any spells.
Your spell library was empty.

Dungeon Overview and Level Annotations

Branches:
Dungeon (4/15)
 Temple: D:4-7

Altars:
Okawaru

Shops:
D:1 =   D:3 [


Innate Abilities, Weirdness & Mutations

You cannot wear most types of armour.
You are amphibious.
You can wear up to eight rings at the same time.
Your skin changes colour to match your surroundings (Stealth+).
Your rubbery body absorbs attacks. (AC +1, EV +1)
((You are camouflaged when in or above water. (Stealth+)))
You have tentacles for arms and can constrict up to eight enemies at once.


Message History

There is a stone staircase leading down here.
You climb downwards.
Found 3 stones and a scroll labelled DIROIB GIMM.
Found a stone staircase leading up.
There is a stone staircase leading up here.
A dart slug comes into view.
The ogre shouts!
You hear a shout! x3 2 orc priests come into view.
Found a rapier.
The orc priest shouts! x2; You hear a shout!
An orc comes into view. It is wielding a +0 club.
You hit the giant cockroach. You grab the giant cockroach.
The giant cockroach is severely wounded.
You constrict the giant cockroach, but do no damage.
The giant cockroach closely misses you.
You hit the giant cockroach.
You kill the giant cockroach!
The ogre closely misses you.
The orc priest invokes the aid of Beogh against you.
Beogh smites you!
You hit the ogre.
The ogre is lightly wounded.
The ogre closely misses you.
You hit the ogre.
The ogre is moderately wounded.
The orc priest calls down the wrath of Beogh upon you.
Beogh smites you!
An orc wizard comes into view. It is wielding a +0 dagger.
You hit the ogre. Your squeeze misses the ogre.
The ogre is moderately wounded.
The ogre misses you.
An endoplasm comes into view.
An orc wizard comes into view. It is wielding a +0 dagger.
You hit the ogre.
The ogre is heavily wounded.
You barely miss the ogre. You squeeze the ogre, but do no damage.
The ogre is heavily wounded.
The ogre hits you with a +0 giant spiked club!!
Ouch! That really hurt!
You die...

#######.####.
#...........)
#............
##............
#.............
#.............
#.......o.w...
#..<.@(o...J.
#.....Oo.?...
#.........oo.
########<....
#####


You could see an ogre, 2 orc priests, 2 orc wizards, a dart slug, an orc and an
endoplasm.

Vanquished Creatures
  An orc priest (D:3)
  4 adders (D:2)
  2 dart slugs
  4 orcs
  6 ball pythons
  6 endoplasms
  4 giant cockroaches
  2 goblins
  3 hobgoblins
  9 jackals
  4 quokkas
  2 bats
  A frilled lizard (D:1)
  4 kobolds (D:1)
  7 rats
59 creatures vanquished.

Notes
Turn   | Place    | Note
-------+----------+-------------------------------------------
     0 | D:1      | Curundu the Octopode Brigand began the quest for the Orb.
     0 | D:1      | Reached XP level 1. HP: 14/14 MP: 1/1
   418 | D:1      | Found Nubriva's Jewellery Shop.
   454 | D:1      | Reached XP level 2. HP: 18/19 MP: 2/2
   718 | D:1      | Reached skill level 6 in Stealth
   721 | D:1      | Found a faded altar of an unknown god.
  1393 | D:2      | Reached XP level 3. HP: 23/24 MP: 3/3
  1409 | D:2      | Found an iron altar of Okawaru.
  1708 | D:2      | Reached XP level 4. HP: 27/29 MP: 4/4
  2682 | D:3      | Found Mucepseg's Armour Boutique.
  2758 | D:3      | Reached skill level 7 in Stealth
  2758 | D:3      | Reached XP level 5. HP: 17/35 MP: 1/5
  3311 | D:4      | Noticed an ogre
  3320 | D:4      | Slain by an ogre

Illustrated notes

Levels and vault maps discovered:
D:1:      dpeg_arrival_short_road, layout_basic,
          hellmonk_ecumenical_altar_defaced_shrine, serial_shops, shop,
          minivault_24, kennysheep_doodads
D:2:      layout_basic, basic_altar, minmay_misc_feat_four_crosses,
          grunt_ministairs_6, st_stairs_14
D:3:      layout_loops_ring, serial_shops, nicolae_shop_tiny_waterfront
D:4:      layout_rooms, goddamned_bats, uniq_pikel

Skill      XL: |  1  2  3  4  5 |
---------------+----------------+-----
Stealth        | 6 7 |  7.2
Short Blades   | 3 |  3.1
Fighting       | |  2.4
Throwing       | |  2.2
Dodging        | |  1.5

Action                     |  1- 3 |  4- 6 || total
---------------------------+-------+-------++-------
  Melee: Dagger            |    54 |    70 ||   124
         Constrict         |    10 |    19 ||    29
         Tentacles         |     9 |    12 ||    21
         Punch             |       |     2 ||     2
   Stab: Sleeping          |     8 |     6 ||    14
 Armour: Skin              |    23 |    34 ||    57
  Dodge: Dodged            |    23 |    40 ||    63

Table legend: (Time is in decaauts)
 A = Elapsed time spent in this place.
 B = Non-inter-level travel time spent in this place.
 C = Inter-level travel time spent in this place.
 D = Time resting spent in this place.
 E = Time spent auto-exploring this place.
 F = Levels seen in this place.
 G = Mean time per level.
                   A        B        C        D        E       F      G
               +--------+--------+--------+--------+--------+-----+--------+
         Total |   3303 |   3299 |      4 |    434 |      0 |   4 |  825.8 |
       Dungeon |   3303 |   3299 |      4 |    434 |      0 |   4 |  825.8 |
               +--------+--------+--------+--------+--------+-----+--------+

Top non-repeatable levels by time:
     D:1: 1379 daAuts
     D:2: 1001 daAuts
     D:3: 914 daAuts
     D:4: 7 daAuts
